 Dungeon Crawl Stone Soup version 0.30.0-19-g36f170ea60 (webtiles) character file.

Game seed: 2493872166173486987

81 Graphine the Trooper (level 4, -6/35 HPs)
             Began as a Human Chaos Knight on May 28, 2023.
             Was a Plaything of Xom.
             Mangled by an iguana (10 damage)
             ... summoned by Xom
             ... on level 4 of the Dungeon.
             The game lasted 00:08:49 (2211 turns).

Graphine the Trooper (Human Chaos Knight)           Turns: 2211, Time: 00:08:50

Health: -6/35      AC: 11    Str: 13    XL:     4   Next: 68%
Magic:  5/5        EV:  4    Int: 14    God:    Xom [......]
Gold:   122        SH: 11    Dex: 12    Spells: 5/5 levels left

rFire   . . .        a - +0 hand axe (chaos)
rCold   + . .        n - +0 tower shield
rNeg    . . .        d - +2 scale mail {rC+}
rPois   .            (no helmet)
rElec   .            (no cloak)
rCorr   .            (no gloves)
SInv    .            o - +2 pair of boots
Will    .....        (no amulet) Stlth
                     j - ring of flight
HPRegen 0.25/turn    (no ring)
MPRegen 0.09/turn

%: no passive effects
@: flying
A: no striking features
a: Renounce Religion


You were on level 4 of the Dungeon.
You worshipped Xom.
You were a very special plaything of Xom.
You visited 1 branch of the dungeon, and saw 4 of its levels.

You collected 122 gold pieces.

Inventory:

Hand Weapons
 a - a +0 hand axe of chaos (weapon)
Missiles
 k - 4 poisoned darts
Armour
 b - a +2 leather armour
 d - a +2 scale mail of cold resistance (worn)
 n - a +0 tower shield (worn)
 o - a +2 pair of boots (worn)
Jewellery
 j - a ring of flight (left hand)
Scrolls
 f - 2 scrolls of teleportation
 l - 2 scrolls of identify
Potions
 e - a potion of flight
 g - a potion of berserk rage {unknown}
 h - a potion of haste {unknown}
 i - a potion of heal wounds {unknown}
Miscellaneous
 c - a piece from Xom's chessboard (3/15) (quivered)


   Skills:
 + Level 3.4 Fighting
 - Level 3.0 Axes
 + Level 2.6 Armour
 + Level 2.0 Dodging
 * Level 1.2 Shields
 - Level 1.0 Spellcasting
 - Level 0.6 Conjurations
 - Level 0.6 Fire Magic


You had 5 spell levels left.
You didn't know any spells.
Your spell library contained the following spells:

 Spells                   Type           Power      Damage    Failure   Level
 Dazzling Flash           Conj/Hex       2%         N/A       100%        3
 Volatile Blastmotes      Fire/Tloc      2%         2d10      100%        3
 Iskenderun's Mystic Bla  Conj/Tloc      1%         2d3       100%        4
 Starburst                Conj/Fire      1%         6d3       100%        6


Dungeon Overview and Level Annotations

Branches:
Dungeon (4/15)
 Temple: D:4-7

Altars:


Message History

Your piece from Xom's chessboard (4/15) has regained one charge.
Your Dodging skill increases to level 2!
Your Shields skill increases to level 1!
You have reached level 4!
You feel stronger.
You make a move on Xom's chessboard...
The iguana seems to speed up.
The iguana bites you!
A shower of butterflies erupts from you!
You block the iguana's attack.
You hit the iguana but do no damage.
The iguana bites you but does no damage.
Something barely misses your butterfly. Something misses your butterfly.
Something barely misses your butterfly. You block the iguana's attack.
You hit the iguana but do no damage. The iguana bites you.
Something bites your butterfly.
Your butterfly dies!
Your butterfly disappears in a puff of smoke!
The iguana bites you but does no damage.
A black bear comes into view.
You are too injured to fight recklessly!
You are too injured to fight recklessly!
You are too injured to fight recklessly!
Cleave: a) +0 hand axe (chaos)
Press: ? - help, Dir - move target, f - iguana
Aim: an iguana (summoned, fast, ally target, about 36% to evade your +0 hand axe of chaos)
You hit the iguana. You burn the iguana.
The iguana is moderately wounded.
The iguana bites you.
* * * LOW HITPOINT WARNING * * *
You block the iguana's attack. Something barely misses your butterfly.
The iguana bites you.
* * * LOW HITPOINT WARNING * * *
A goblin comes into view. It is wielding a +0 dagger.
Okay, then.
As you read the scroll labelled HUEWKU ISHOTILUE, it crumbles to dust.
It is a scroll of identify.
e - a potion of flight The iguana bites you!
You die...
Xom thinks this is hilarious!

#.. #..
#.. g^#
## #.#
.. #b#
####b#b#
#....l@#
##.#.#.#
# #b#
#h# ...
##. ยง
..


You could see a black bear, an iguana (summoned, fast, ally target) and a goblin
(distracted).

Vanquished Creatures
  A howler monkey (D:4)
  A worm (D:2)
  A dart slug (D:1)
  3 ball pythons
  4 endoplasms
  2 giant cockroaches
  7 goblins
  6 hobgoblins
  3 kobolds
  A quokka (D:3)
  3 bats
  3 frilled lizards
  3 rats
38 creatures vanquished.

Notes
Turn   | Place    | Note
-------+----------+-------------------------------------------
     0 | D:1      | Graphine the Human Chaos Knight began the quest for the
                  | Orb.
     0 | D:1      | Reached XP level 1. HP: 18/18 MP: 1/1
   278 | D:1      | XOM: potion effect (brilliance)
   283 | D:1      | Reached XP level 2. HP: 24/24 MP: 2/2
   335 | D:1      | Found a faded altar of an unknown god.
   615 | D:1      | XOM: silly message
   789 | D:2      | XOM: noise
   888 | D:2      | Reached XP level 3. HP: 26/29 MP: 4/4
  1000 | D:2      | XOM: enchant monster (bad)
  1019 | D:2      | XOM: god gift: 4 poisoned darts
  1073 | D:2      | XOM: god gift: 14 gold pieces
  1175 | D:2      | Reached skill level 1 in Spellcasting
  1696 | D:3      | XOM: stat loss: -1 Int (13/14)
  2198 | D:4      | XOM: summons 1 hostile shadow creature
  2207 | D:4      | Reached skill level 1 in Shields
  2207 | D:4      | Reached XP level 4. HP: 30/35 MP: 5/5
  2207 | D:4      | XOM: butterfly on damage
  2209 | D:4      | Noticed a black bear
  2211 | D:4      | Mangled by an iguana

Illustrated notes

Levels and vault maps discovered:
D:1:      scummos_arrival_checkerplants, layout_basic,
          shapermc_ecumenical_altar_pompeii
D:2:      layout_basic, minmay_tripent
D:3:      layout_loops_ring, minmay_fractal_squares_gapless_5
D:4:      layout_basic, minmay_temple_entry_butterflies,
          kennysheep_generic_room_4, uniq_menkaure

Skill      XL: |  1  2  3 |
---------------+----------+-----
Spellcasting   | 1 |  1.0
Dodging        | 2 |  2.0
Shields        | 1 |  1.2
Fighting       | |  3.4
Axes           | |  3.0
Armour         | |  2.6
Conjurations   | |  0.6
Fire Magic     | |  0.6

Action                     |  1- 3 |  4- 6 || total
---------------------------+-------+-------++-------
  Melee: Hand axe          |   130 |     3 ||   133
         Punch             |     1 |       ||     1
  Throw: Dart              |     4 |       ||     4
  Evoke: Piece from Xom's  |    12 |     1 ||    13
    Use: Scroll            |     1 |     1 ||     2
 Armour: Leather armour    |     5 |       ||     5
         Scale mail        |    74 |     2 ||    76
  Dodge: Dodged            |    56 |       ||    56
  Block: Tower shield      |    18 |     3 ||    21
